[Event "*** Titled Tuesday Blitz"]
[Site "Chess.com"]
[Date "2019.10.01"]
[Round "1"]
[White "JakubPulpan"]
[Black "Spring199"]
[Result "1-0"]
[WhiteElo "2731"]
[BlackElo "2375"]
[TimeControl "180+2"]
[EndTime "13:07:24 PDT"]
[Termination "JakubPulpan won by checkmate"]

1. Nf3 Nf6 2. b3 d5 3. Bb2 c6 4. e3 Bf5 5. Be2 Nbd7 6. O-O e6 7. c4 Bd6 8. Nc3 O-O 9. Nh4 Ng4 10. Nxf5 Bxh2+ 11.
Kh1 exf5 12. Bxg4 Be5 13. Bxf5 Qh4+ 14. Bh3 f5 15. f4 Bc7 16. cxd5 Nf6 17. Qe1 Qh6 18.
dxc6 bxc6 19. Rc1 Ng4 20. Ne2 Rad8 21. Kg1 Rfe8 22. Nd4 Rd5 23. Rxc6 Nf6 24. Rxc7 Ne4 25. Qe2 Ng3 26. Qc4 Qd6 27. Rxg7+ Kf8 28. Qc7 Qxc7 29.
Rxc7 Nxf1 30. Kxf1 Ra5 31. a4 Rd5 32. Nxf5 Rb8 33.
Bg7+ Ke8 34. Bg4 Rxb3 35. Be5 Rxd2 36. Ng7+ Kf8 37. Ne6+ Kg8 38. Rg7+ Kh8 39. Rg5# 1-0

[Event "*** Titled Tuesday Blitz"]
[Site "Chess.com"]
[Date "2019.10.01"]
[Round "1"]
[White "Duhless"]
[Black "Nbk90"]
[Result "1-0"]
[WhiteElo "3013"]
[BlackElo "2491"]
[TimeControl "180+2"]
[EndTime "13:07:27 PDT"]
[Termination "Duhless won by resignation"]

1. Nf3 Nf6 2. c4 e6 3. g3 d5 4. d4 c6 5. Bg2 Be7 6. O-O O-O 7. Nc3 b6 8. Nd2 Ba6 9. b3 Nbd7 10. Bb2 Rc8 11. Rc1 Re8 12. Re1 Bd6 13. e4 Nxe4 14.
Ndxe4 dxe4 15. Nxe4 Bb4 16. Re3 Nf6 17. Ng5 Bf8 18.
Qe2 c5 19. Rd1 cxd4 20. Bxd4 Qe7 21. Red3 Bb7 22. Bxf6 Qxf6 23. Bxb7 Qxg5 24. Bxc8 Rxc8 25. Qd2 Qf5 26. Rd8 Rxd8 27. Qxd8 h5 28. Qa8 h4 29. Rd8 h3 30. Rxf8+ Kh7 31. Rh8+ Kg6 32. Rxh3 Qxh3 33. Qxa7 Qf5 34. Qxb6 Qb1+ 35. Kg2 Qxa2 36. Qe3 f6 37. Qe4+ Kf7 38. b4 f5 39. Qc6 e5 40. Qd5+ Kf6 41. Qd6+ Kg5 42. h4+ Kh5 43. Qxe5 g6 44. Qh8+ Kg4 45. Qd4+ Kh5 46. Qf4 1-0

[Event "*** Titled Tuesday Blitz"]
[Site "Chess.com"]
[Date "2019.10.01"]
[Round "1"]
[White "albano87"]
[Black "albi1999"]
[Result "0-1"]
[WhiteElo "2005"]
[BlackElo "2516"]
[TimeControl "180+2"]
[EndTime "13:07:29 PDT"]
[Termination "albi1999 won by resignation"]

1. e4 e5 2. Nf3 Nc6 3. Nc3 Nf6 4.
Bb5 Bd6 5. O-O O-O 6. a3 Re8 7. d3 a6 8. Bc4 h6 9. h3 Bc5 10. Be3 d6 11. Bxc5 dxc5 12. Nd5 Be6 13. Ne3 Nd4 14. c3 Nxf3+ 15. Qxf3 Nd7 16. Rad1 b5 17. Bxe6 fxe6 18. d4 exd4 19. cxd4 cxd4 20. Rxd4 Ne5 21. Qd1 Qe7 22. f4 Nc6 23. Rd7 Qc5 24. Re1 Rad8 25.
Kh2 Qf8 26. f5 Ne5 27. Rxd8 Rxd8 28. Qb3 Qd6 29. Qxe6+ Qxe6 30. fxe6 g6 31. Nd5 c6 32. Nc7 Kf8 33. Nxa6 Ke7 34. Re2 Kxe6 35. Nc5+ Ke7 36. Rc2 h5 37. Kg3 Rd1 38. Kf4 Kf6 39. Ke3 Nc4+ 40. Kf2 Ke5 41. Re2 Kd4 42. Ne6+ Ke5 43. Nf8 Rd6 44. Kg3 Nd2 45. Re3 Nxe4+ 46. Kf3 Rf6+ 47. Ke2 Rxf8 0-1

[Event "*** Titled Tuesday Blitz"]
[Site "Chess.com"]
[Date "2019.10.01"]
[Round "1"]
[White "Mikhail_Golubev"]
[Black "VladDobrov"]
[Result "1/2-1/2"]
[WhiteElo "2492"]
[BlackElo "2947"]
[TimeControl "180+2"]
[EndTime "13:07:30 PDT"]
[Termination "Game drawn - insufficient material"]

1. e4 c5 2. Nf3 Nc6 3. Nc3 e6 4. d4 cxd4 5. Nxd4 d6 6. Be3 Nge7 7. Bc4 Ng6 8. Bb3 Be7 9. Qe2 O-O 10. O-O-O Qc7 11.
h4 Nxd4 12. Bxd4 Nf4 13. Qf3 e5 14. Be3 Be6 15. Bxf4 exf4 16. Qxf4 Rac8 17. Nd5 Qd7 18. Nxe7+ Qxe7 19. Qxd6 Qf6 20. Qd4 Qf4+ 21. Kb1 Qc7 22.
c3 Bxb3 23. axb3 Rfe8 24. h5 h6 25. f3 a5 26. Qd6 b5 27. Qxc7 Rxc7 28. Rd5 Rb8 29.
Rhd1 Rbb7 30. Rd8+ Kh7 31. Ra8 a4 32. Rdd8 g6 33. bxa4 bxa4 34. Rh8+ Kg7 35. Rag8+ Kf6 36. hxg6 a3 37. Rb8 Kxg6 38. Rxb7 Rxb7 39. b4 Rc7 40. b5 Rxc3 41. Rb8 Kf6 42. b6 Rc5 43. Ka2 Ra5 44. b7 Ra7 45. Rh8 Rxb7 46. Rxh6+ Kg7 47. Rh4 Rb2+ 48. Kxa3 Rxg2 49. Rg4+ Rxg4 50. fxg4 Kf6 51. Kb4 Ke5 52. Kc5 Kxe4 53. Kd6 Kf4 54. Ke7 f5 55. gxf5 Kxf5 1/2-1/2

[Event "*** Titled Tuesday Blitz"]
[Site "Chess.com"]
[Date "2019.10.01"]
[Round "1"]
[White "GelmanAlexander"]
[Black "WiktoriaPOL"]
[Result "0-1"]
[WhiteElo "2496"]
[BlackElo "2289"]
[TimeControl "180+2"]
[EndTime "13:07:31 PDT"]
[Termination "WiktoriaPOL won by checkmate"]

1. e4 c5 2. b4 cxb4 3. a3 bxa3 4. d4 d6 5. Bd3 g6 6. c3 Bg7 7. f4 e6 8. Nf3 Ne7 9. O-O O-O 10. Rxa3 Nbc6 11. Qe1 d5 12. e5 a6 13. g4 Bd7 14.
Qh4 b5 15. Ra2 b4 16. Rg2 bxc3 17. f5 exf5 18. Bh6 fxg4 19. Ng5 Bf5 20. Bxg7 h5 21.
Bxf8 Bxd3 22. Rxf7 Nf5 23. Rxf5 Bxf5 24. Bc5 Bxb1 25. Rxg4 c2 26. Ba3 Qa5 27. Bc1 Rf8 28. Rg2 Ne7 29. Ne6 Rf7 30. Qxh5 Qe1# 0-1

[Event "*** Titled Tuesday Blitz"]
[Site "Chess.com"]
[Date "2019.10.01"]
[Round "1"]
[White "AndrewMcStone"]
[Black "TheLancer"]
[Result "0-1"]
[WhiteElo "2147"]
[BlackElo "2562"]
[TimeControl "180+2"]
[EndTime "13:07:36 PDT"]
[Termination "TheLancer won by checkmate"]

1. f4 d5 2. Nf3 c5 3. g3 Nf6 4. Bg2 Nc6 5. O-O Bg4 6. d3 d4 7. Na3 Nd5 8. Nc4 g6 9. Nce5 Bxf3 10. Nxc6 Bxe2 11. Nxd8 Bxd1 12. Nxf7 Kxf7 13. Bxd5+ e6 14. Bxe6+ Kxe6 15. Rxd1 Bd6 16. Re1+ Kd5 17. Bd2 Rac8 18. b3 b6 19. a4 a6 20. Re4 Rhf8 21. Rae1 b5 22.
axb5 axb5 23. Re6 Ra8 24. R6e2 Ra2 25. Rc1 Rfa8 26. Kg2 Rb2 27. Kf3 Raa2 28. Be1 c4 29. bxc4+ bxc4 30. dxc4+ Kxc4 31. g4 Ra3+ 32. Ke4 Rb8 33.
f5 Re8# 0-1

[Event "*** Titled Tuesday Blitz"]
[Site "Chess.com"]
[Date "2019.10.01"]
[Round "1"]
[White "DanielNaroditsky"]
[Black "adriangschnitzer"]
[Result "0-1"]
[WhiteElo "3018"]
[BlackElo "2509"]
[TimeControl "180+2"]
[EndTime "13:07:42 PDT"]
[Termination "adriangschnitzer won by resignation"]

1. d4 Nf6 2. Nc3 d5 3. Bf4 c5 4. e3 e6 5. Nf3 Bd6 6. Bxd6 Qxd6 7.
dxc5 Qxc5 8. Bd3 O-O 9. O-O Nc6 10. e4 d4 11. Ne2 e5 12. Ng3 Bg4 13. h3 Bh5 14.
Nxh5 Nxh5 15. Nxd4 exd4 16. g3 Ne5 17. b4 Qxb4 18. Qxh5 Nxd3 19. cxd3 Rac8 20. Qe2 Rc3 21. Rab1 Qe7 22. Rb5 Rfc8 23. Rfb1 b6 24. a4 Qa3 25. e5 Rc2 26. Qe4 Qxa4 27. e6 fxe6 28. Qxe6+ Kh8 29. Re5 Qa2 30. Rbe1 Qxe6 31. Rxe6 Rc1 32.
Rxc1 Rxc1+ 33. Kg2 Kg8 34. Re7 a5 35. Rb7 Rb1 36.
Kf3 a4 37. Ke2 a3 38. Ra7 Rb2+ 39. Kf3 a2 40. Ke4 b5 41. Kxd4 b4 42. Ke5 b3 43.
Ke6 Re2+ 44. Kd6 Re1 45. d4 0-1

[Event "*** Titled Tuesday Blitz"]
[Site "Chess.com"]
[Date "2019.10.01"]
[Round "1"]
[White "Keaton87"]
[Black "MendozaDavid2000"]
[Result "1-0"]
[WhiteElo "2613"]
[BlackElo "2242"]
[TimeControl "180+2"]
[EndTime "13:07:42 PDT"]
[Termination "Keaton87 won on time"]

1. d4 Nf6 2. Bg5 c5 3. Nc3 cxd4 4. Qxd4 Nc6 5. Qh4 e6 6. e4 Be7 7. O-O-O d6 8. f4 Qc7 9. Nf3 a6 10. Qe1 O-O 11. e5 Ne8 12. Bxe7 Qxe7 13. Bd3 f5 14. exd6 Nxd6 15. Kb1 b5 16. Ne2 Bb7 17. Ned4 Rae8 18. Nxc6 Bxc6 19. Rf1 Be4 20. Ng5 Bxd3 21. Rxd3 h6 22. Nf3 Rc8 23. Qe2 Nc4 24. Re1 Rfe8 25. Nd4 Qb4 26. c3 Qa5 27. Rg3 b4 28. Qh5 bxc3 29. Qg6 Na3+ 30. bxa3 Qb6+ 31. Nb3 c2+ 32. Kc1 Rc7 33. Qxe8+ 1-0

[Event "*** Titled Tuesday Blitz"]
[Site "Chess.com"]
[Date "2019.10.01"]
[Round "1"]
[White "pedromartinez91"]
[Black "Parhamov"]
[Result "0-1"]
[WhiteElo "2492"]
[BlackElo "3031"]
[TimeControl "180+2"]
[EndTime "13:07:45 PDT"]
[Termination "Parhamov won by resignation"]

1. e4 c5 2. c3 Nf6 3. e5 Nd5 4. Nf3 Nc6 5. Bc4 Nb6 6. Bb3 c4 7. Bc2 Qc7 8. Qe2 g5 9. h3 Bg7 10. Na3 Nxe5 11. Nxg5 d6 12. f4 Ng6 13. O-O Bd7 14.
d4 cxd3 15. Bxd3 h6 16. Nxf7 Kxf7 17. Nb5 Bxb5 18. Bxb5 Bf6 19. Kh1 h5 20. a4 a6 21.
Bd3 d5 22. Be3 Nc4 23. Rae1 Rag8 24. Bc1 Nh4 25. Qe6+ Kf8 26. Qxd5 Nb6 27. Qe4 Nxg2 28.
Rd1 Nh4 29. a5 Rg3 30. Qe6 Nd7 31. Bc4 Ke8 32. Be3 Rxe3 33. Qxe3 Qxc4 34. Rg1 Qc6+ 35.
Kh2 Nf3+ 36. Kg3 Nxg1 37. Rxg1 Rg8+ 38. Kf2 Rxg1 0-1

[Event "*** Titled Tuesday Blitz"]
[Site "Chess.com"]
[Date "2019.10.01"]
[Round "1"]
[White "hypert"]
[Black "JSPrepz"]
[Result "0-1"]
[WhiteElo "2429"]
[BlackElo "2838"]
[TimeControl "180+2"]
[EndTime "13:07:45 PDT"]
[Termination "JSPrepz won by resignation"]

1. Nf3 d5 2. g3 g6 3. Bg2 Bg7 4.
d4 Nf6 5. O-O O-O 6. c4 dxc4 7.
Na3 Nc6 8. Nxc4 Be6 9. b3 Bd5 10.
Bb2 a5 11. e3 a4 12. Qe2 Ra6 13. Ncd2 Ne4 14. Nxe4 Bxe4 15. Nd2 Bxg2 16. Kxg2 Qa8 17. Nf3 Rd8 18. Rfc1 Ra5 19. Bc3 Ra6 20. b4 Na7 21. a3 Rb6 22. e4 Nb5 23. Qe3 h6 24. h4 Re6 25. e5 b6 26. Bb2 Qd5 27. Rd1 c6 28. h5 g5 29. Kg1 Nd6 30. Rac1 Nc4 31. Rxc4 Qxc4 32. Ne1 Rxe5 33. Qf3 Re6 34. Rc1 Qd5 35.
Qc3 Bxd4 36. Qd2 Bxb2 37. Qxb2 Qd2 38. Qb1 Re2 39. Nf3 Qd3 40. Kg2 Qxb1 41. Rxb1 g4 42. Nh2 f5 43. Nf1 Rd3 44. b5 c5 45. Ra1 Rf3 0-1

[Event "*** Titled Tuesday Blitz"]
[Site "Chess.com"]
[Date "2019.10.01"]
[Round "1"]
[White "Keranke"]
[Black "FrenchMonster2002"]
[Result "1-0"]
[WhiteElo "2791"]
[BlackElo "2412"]
[TimeControl "180+2"]
[EndTime "13:07:47 PDT"]
[Termination "Keranke won by resignation"]

1. d4 Nf6 2. c4 g6 3. g3 Bg7 4. Bg2 O-O 5. Nf3 d6 6. O-O Nc6 7. Nc3 e5 8. dxe5 Nxe5 9. Nxe5 dxe5 10. Qb3 c6 11. Be3 Qe7 12. h3 Be6 13. Qa4 Rfd8 14.
Rfd1 a6 15. b3 b5 16. cxb5 axb5 17. Qh4 Nd5 18. Qxe7 Nxe7 19. Bb6 Rxd1+ 20. Rxd1 Rc8 21. Bc5 Bf8 22. Ne4 Nd5 23. Rc1 f5 24. Ng5 Bh6 25. h4 Bxg5 26. hxg5 Kf7 27. e4 fxe4 28. Bxe4 Re8 29.
Bd6 Rc8 30. Bxe5 Ke7 31. a4 bxa4 32. bxa4 Kd7 33. Ra1 Bh3 34. Bd4 Re8 35. Bf3 Bf5 36.
a5 Ra8 37. a6 Bd3 38. a7 Nc7 39. Bb6 Nd5 40. Bc5 Bc4 41. Rb1 Kc7 42. Re1 Kd7 43. Kg2 Bb3 44. Rb1 Bc4 45. Rb8 Ke6 46. Rxa8 1-0

[Event "*** Titled Tuesday Blitz"]
[Site "Chess.com"]
[Date "2019.10.01"]
[Round "1"]
[White "Jumbo"]
[Black "r31415"]
[Result "1-0"]
[WhiteElo "2788"]
[BlackElo "2412"]
[TimeControl "180+2"]
[EndTime "13:07:50 PDT"]
[Termination "Jumbo won by resignation"]

1. d4 d6 2. c4 f5 3. g3 Nf6 4. Bg2 g6 5. Nc3 Bg7 6. Nh3 O-O 7. d5 c6 8. O-O e5 9. dxe6 Bxe6 10.
Qd3 Re8 11. Ng5 Nbd7 12. Nxe6 Rxe6 13. Qc2 Nc5 14. Rd1 Nfe4 15. Nxe4 Nxe4 16. Bf4 Qb6 17. Bxe4 Rxe4 18. Rxd6 Qxb2 19. Qxb2 Bxb2 20. Rb1 Rxe2 21. Kf1 Rc2 22. Rd2 Rxd2 23. Bxd2 Bd4 24. Rxb7 Bb6 25. Bc3 Rd8 26. Rg7+ Kf8 27. Rxh7 Rd1+ 28. Ke2 Rc1 29. Kd2 Rh1 30. f4 Bg1 31. h4 Bf2 32. Be5 Rh2 33. Kd3 Bb6 34. Rg7 Rxa2 35. Rxg6 Ke7 36. h5 Ra3+ 37. Kc2 Ra2+ 38. Kb3 Rf2 39. h6 Rh2 40.
Rg7+ Ke6 41. h7 Bc5 42. Rc7 Bb6 43. Rb7 Rh3 44. h8=Q Rxg3+ 1-0

[Event "*** Titled Tuesday Blitz"]
[Site "Chess.com"]
[Date "2019.10.01"]
[Round "1"]
[White "Misha_Bilous"]
[Black "beccrajoy"]
[Result "1-0"]
[WhiteElo "2509"]
[BlackElo "1775"]
[TimeControl "180+2"]
[EndTime "13:07:51 PDT"]
[Termination "Misha_Bilous won by resignation"]

1. d4 d5 2. c4 c6 3. e3 Nf6 4.
Nf3 e6 5. b3 g6 6. Bb2 Bg7 7.
Nbd2 O-O 8. Bd3 Nbd7 9. O-O c5 10.
cxd5 Nxd5 11. Qe2 cxd4 12. Nxd4 Nc5 13. Bc4 Nb6 14. Rfd1 Nxc4 15. Nxc4 Qg5 16. Nf3 Qh5 17. Bxg7 Kxg7 18. Nd6 e5 19. b4 e4 20. bxc5 exf3 21. gxf3 Qxc5 22. Ne4 Qe7 23. Qb2+ f6 24. Rd2 Bf5 25.
Rad1 b6 26. Ng3 Bh3 27. Qd4 Rf7 28. Qh4 Be6 29. Qe4 f5 30. Qxa8 1-0

[Event "*** Titled Tuesday Blitz"]
[Site "Chess.com"]
[Date "2019.10.01"]
[Round "1"]
[White "Sjakkerntobi"]
[Black "GLeruste"]
[Result "1/2-1/2"]
[WhiteElo "2038"]
[BlackElo "2510"]
[TimeControl "180+2"]
[EndTime "13:07:55 PDT"]
[Termination "Game drawn by repetition"]

1. e4 d5 2. exd5 Qxd5 3. Nc3 Qd8 4. Bc4 c6 5. Nf3 Bf5 6. O-O e6 7. d4 Nd7 8. Bf4 Ngf6 9. Re1 Be7 10. Nh4 Bg6 11.
Nxg6 hxg6 12. h3 Nb6 13. Bb3 Nbd5 14. Nxd5 cxd5 15. c4 dxc4 16. Bxc4 O-O 17. Rc1 Nd5 18. Be5 Rc8 19. Qb3 Qd7 20. Qb5 Qxb5 21. Bxb5 Rfd8 22.
a3 a6 23. Bd3 Kf8 24. Kf1 Bf6 25. Be4 b5 26. Bxd5 exd5 27. Bxf6 gxf6 28. Ke2 Re8+ 29.
Kd3 Rc4 30. Rxe8+ Kxe8 31. Re1+ Kd7 32. b3 Rc6 33. Kd2 Rc8 34. Rc1 Rh8 35. Rc5 Kd6 36.
Kd3 Re8 37. Rc1 f5 38. f3 f4 39. Kd2 Re3 40. Rc3 Rxc3 41. Kxc3 a5 42. b4 a4 43. Kd3 Ke6 44. Ke2 Kf5 45. Kf2 Kg5 46. Kf1 Kh4 47. Kf2 g5 48. Kg1 Kg3 49. Kf1 f5 50.
Kg1 g4 51. hxg4 fxg4 52. fxg4 Kxg4 53. Kf2 Kg5 54. Ke2 Kf6 55. Kf2 Kf5 56. Kf3 Kg5 57.
g3 fxg3 58. Kxg3 Kf5 59. Kf3 Kg5 60. Kg3 Kf5 61. Kf3 Kg5 62. Kg3 1/2-1/2

[Event "*** Titled Tuesday Blitz"]
[Site "Chess.com"]
[Date "2019.10.01"]
[Round "1"]
[White "patrisiii123"]
[Black "joppie2"]
[Result "0-1"]
[WhiteElo "2458"]
[BlackElo "2858"]
[TimeControl "180+2"]
[EndTime "13:07:56 PDT"]
[Termination "joppie2 won on time"]

1. e4 c5 2. Nf3 d6 3. d4 cxd4 4. Nxd4 Nf6 5. Nc3 a6 6. Be2 g6 7. Be3 Bg7 8. O-O O-O 9. f3 b5 10. a3 Bb7 11. Kh1 Nbd7 12. Qd2 Rc8 13. Rfd1 Nb6 14. a4 b4 15. Na2 a5 16. c3 Nxa4 17.
cxb4 axb4 18. Nxb4 Nc5 19. Ra7 Qb6 20. Rda1 Rb8 21.
Nd3 Rfd8 22. b4 Nxd3 23. Bxd3 Ng4 24. fxg4 Bxd4 25. Bxd4 Qxd4 26. Qe2 Qxb4 27. Rb1 Qd4 28. Rbxb7 Rxb7 29. Rxb7 Ra8 30. Rb1 Ra3 31. Rd1 Kg7 32.
g5 Qe5 33. h4 Qf4 34. Qe1 Ra2 35. Qc3+ e5 36. Bc4 Qxh4+ 37. Kg1 Qf2+ 0-1

[Event "*** Titled Tuesday Blitz"]
[Site "Chess.com"]
[Date "2019.10.01"]
[Round "1"]
[White "Alexander_Moskalenko"]
[Black "Babas"]
[Result "1-0"]
[WhiteElo "2889"]
[BlackElo "2468"]
[TimeControl "180+2"]
[EndTime "13:07:58 PDT"]
[Termination "Alexander_Moskalenko won by resignation"]

1. e4 e5 2. Nf3 Nf6 3. Nxe5 d6 4.
Nf3 Nxe4 5. Qe2 Qe7 6. d3 Nc5 7. Nc3 c6 8. Bd2 Qxe2+ 9. Bxe2 Be7 10. O-O-O Be6 11. Nd4 Bd7 12. Rde1 O-O 13. Bf4 Ne6 14. Nxe6 fxe6 15. Bg3 e5 16. Bf3 Bf6 17. Ne4 d5 18. Nc5 Re8 19. Nxb7 Na6 20. Na5 Rab8 21. Nb3 Rb5 22.
Bd1 Bf5 23. Nd4 Bg6 24. Nxb5 cxb5 25. h4 h5 26. Bf3 e4 27. dxe4 dxe4 28. Bd1 Nc5 29. Bd6 Na4 30. c3 Nb6 31. Bb3+ Nc4 32. g3 a5 33. a3 Bf5 34. Rd1 Rc8 35. Bf4 Kh7 36. Rd5 Bg6 37. Bxc4 Rxc4 38. Rxb5 a4 39. Rd1 Be8 40. Rdd5 Bxb5 41. Rxh5+ Kg6 42. Rxb5 Rc6 43. h5+ Kf7 44. Rb4 Ra6 45. Rxe4 1-0

[Event "*** Titled Tuesday Blitz"]
[Site "Chess.com"]
[Date "2019.10.01"]
[Round "1"]
[White "Tjktiger"]
[Black "Aariow"]
[Result "1-0"]
[WhiteElo "2807"]
[BlackElo "2410"]
[TimeControl "180+2"]
[EndTime "13:07:58 PDT"]
[Termination "Tjktiger won by checkmate"]

1. c4 c6 2. Nc3 d5 3. d4 Nf6 4. cxd5 cxd5 5. Bf4 Nc6 6. e3 Bf5 7. Be2 a6 8. Nf3 e6 9. Qb3 Bb4 10. Ne5 Bxc3+ 11. bxc3 Qc8 12. O-O O-O 13. Rfc1 b5 14.
a4 bxa4 15. Qxa4 Nxe5 16. Bxe5 Ne4 17. c4 dxc4 18. f3 Nd2 19. Ra2 c3 20. e4 Bg6 21.
Qd1 Nc4 22. Rxc3 f6 23. Rxc4 Qd7 24. Rc7 Qd8 25. Bg3 e5 26. Rac2 exd4 27. Bc4+ Kh8 28. Bd5 Rb8 29. h4 f5 30. Qxd4 f4 31. Qxg7# 1-0

[Event "*** Titled Tuesday Blitz"]
[Site "Chess.com"]
[Date "2019.10.01"]
[Round "1"]
[White "Chigorinetz"]
[Black "Casablanca"]
[Result "0-1"]
[WhiteElo "2553"]
[BlackElo "2178"]
[TimeControl "180+2"]
[EndTime "13:07:58 PDT"]
[Termination "Casablanca won on time"]

1. e4 d6 2. Nc3 Nf6 3. f4 g6 4.
Nf3 Bg7 5. Bc4 O-O 6. d3 c5 7. O-O Nc6 8. Qe1 a6 9. Qh4 b5 10. Bb3 e6 11. f5 exf5 12. Bg5 Qb6 13. Kh1 c4 14. Bxf6 Bxf6 15. Nd5 Bxh4 16. Nxb6 Bd8 17. Nxa8 cxb3 18. axb3 fxe4 19. dxe4 Bb7 20. Rfd1 Bxa8 21.
Rxd6 Bb7 22. c3 Kg7 23. h3 Bf6 24. b4 Rd8 25. e5 Be7 26. Rxd8 Nxd8 27. Nd4 Ne6 28.
Nxe6+ fxe6 29. Rd1 Bd5 30. Ra1 Bb7 31. Kg1 Kf7 32. Kf2 Bd8 33. g3 Bb6+ 34. Kf1 Ke7 35. b3 Bc7 36. Re1 Bd5 37. Kf2 Bxb3 38. Kf3 Bd5+ 39.
Kf4 h6 40. h4 a5 41. bxa5 Bxa5 42. Rc1 Kd7 0-1

[Event "*** Titled Tuesday Blitz"]
[Site "Chess.com"]
[Date "2019.10.01"]
[Round "1"]
[White "Witik"]
[Black "Quaritch79"]
[Result "1-0"]
[WhiteElo "2643"]
[BlackElo "2288"]
[TimeControl "180+2"]
[EndTime "13:07:59 PDT"]
[Termination "Witik won by checkmate"]

1. d4 f5 2. g3 Nf6 3. Bg2 g6 4.
c3 Bg7 5. Qb3 d5 6. Nd2 c6 7.
Nh3 O-O 8. Nf4 Ne4 9. Nf3 Na6 10. O-O Nc7 11. c4 e6 12. Nd3 b6 13. cxd5 exd5 14.
Bf4 Ne6 15. Be5 Bb7 16. Bxg7 Kxg7 17. Rac1 Rc8 18. Qa3 a5 19. e3 Qd6 20. Qb3 Ba6 21. Nfe5 Bxd3 22. Qxd3 c5 23. b3 cxd4 24. exd4 Qb4 25. f3 Nf6 26. Rcd1 Rc3 27. Qd2 Rfc8 28. Rfe1 Rc2 29. Qe3 R8c3 30. Rd3 Rxd3 31. Nxd3 Qxd4 32. a4 Qxe3+ 33. Rxe3 Nd4 34. Re7+ Kf8 35.
Rb7 Rc3 36. Ne5 Rxb3 37. Rf7+ Kg8 38. Rxf6 Rb1+ 39. Kf2 Rb2+ 40. Ke3 Nc2+ 41. Kf4 Nb4 42. Bf1 Rxh2 43. Rxb6 Kg7 44. Rb7+ Kg8 45. Kg5 d4 46. Bc4+ Kf8 47. Kf6 Ke8 48. Rb8# 1-0

[Event "*** Titled Tuesday Blitz"]
[Site "Chess.com"]
[Date "2019.10.01"]
[Round "1"]
[White "SanchezKelvin"]
[Black "arjwezhrtdrz"]
[Result "1-0"]
[WhiteElo "2523"]
[BlackElo "2073"]
[TimeControl "180+2"]
[EndTime "13:08:05 PDT"]
[Termination "SanchezKelvin won by resignation"]

1. e4 d5 2. exd5 Qxd5 3. Nc3 Qd6 4. d4 Nf6 5. Nf3 a6 6. Ne5 Nc6 7. Nxc6 bxc6 8. Be2 Bf5 9. O-O e6 10. b3 Be7 11. a4 O-O 12. a5 Rfd8 13. Bf3 Qxd4 14. Qxd4 Rxd4 15. Bxc6 Rad8 16. Be3 R4d6 17. Ba4 Bxc2 18. Bc5 Bd3 19. Bxd6 Bxd6 20. Rfd1 Bc2 21. Rdc1 Bd3 22. g3 h5 23. Bc6 Be5 24. Ra2 Rb8 25. Rd2 Bf5 26. Ba4 Bd6 27. Rd4 Bb4 28.
Nd1 Bxa5 29. Ne3 Bh3 30. Nc4 Bb6 31. Nxb6 Rxb6 32. Rxc7 Nd5 33. Rc6 Rxc6 34. Bxc6 Nb6 35. Rb4 Nd5 36. Bxd5 exd5 37. Ra4 Kh7 38. Rxa6 Bf5 39.
Rd6 Be4 40. b4 f5 41. b5 g6 42. b6 d4 43. b7 1-0

[Event "*** Titled Tuesday Blitz"]
[Site "Chess.com"]
[Date "2019.10.01"]
[Round "1"]
[White "mbojan"]
[Black "aquaticpineapples"]
[Result "1-0"]
[WhiteElo "2553"]
[BlackElo "2127"]
[TimeControl "180+2"]
[EndTime "13:08:09 PDT"]
[Termination "mbojan won by resignation"]

1. e4 e6 2. d4 d5 3. Nc3 Bb4 4. e5 c5 5. Bd2 Bd7 6. Qg4 Ne7 7. Nf3 cxd4 8. Nxd4 O-O 9. Bd3 Ng6 10. f4 f5 11. Qg3 Qh4 12. Qxh4 Nxh4 13. Kf2 Bc5 14. Ne2 Nc6 15. c3 Rac8 16. Be3 Nxd4 17. Bxd4 Be7 18. g3 Ng6 19. Bxa7 b6 20. Bxb6 Rb8 21. Bd4 Rxb2 22. c4 Rb4 23. cxd5 exd5 24. Rhb1 Rfb8 25. Rxb4 Rxb4 26. Ke3 Nf8 27. Rb1 Ra4 28. Rb7 Rxa2 29. e6 Nxe6 30. Rxd7 Bb4 31. Rxd5 Bd2+ 32. Kf3 Bb4 33. Be3 Kf8 34. Rxf5+ Ke7 35. Re5 Kd7 36. Rxe6 Kxe6 37. Bc4+ Kf5 38. Bxa2 Bd6 39. g4+ 1-0

[Event "*** Titled Tuesday Blitz"]
[Site "Chess.com"]
[Date "2019.10.01"]
[Round "1"]
[White "Sanan_Sjugirov"]
[Black "harvsp123"]
[Result "1-0"]
[WhiteElo "2948"]
[BlackElo "2477"]
[TimeControl "180+2"]
[EndTime "13:08:13 PDT"]
[Termination "Sanan_Sjugirov won by resignation"]

1. e4 c5 2. Nf3 d6 3. d4 cxd4 4. Nxd4 Nf6 5. Nc3 a6 6. Be3 e5 7. Nf3 Be7 8. Bc4 O-O 9. O-O Nc6 10. Qe2 Na5 11. Bb3 Bd7 12. Rfd1 Nxb3 13. cxb3 b5 14. Bg5 Nh5 15. Bxe7 Qxe7 16. Nd5 Qd8 17. Nxe5 dxe5 18. Qxh5 Re8 19. Rac1 Rc8 20. Rxc8 Bxc8 21. h3 Bb7 22. Ne3 Qf6 23. Qg4 g6 24. Qd7 Qe7 25. Qxe7 Rxe7 26. f3 Rc7 27. b4 Kf8 28. Rd6 Rc1+ 29. Kh2 Rc6 30. Rxc6 Bxc6 31. Ng4 Bd7 32. Nxe5 Be6 33. a3 Ke7 34. Kg3 Kd6 35. Nd3 f5 36. Kf4 fxe4 37. fxe4 Bc8 38. Ke3 h6 39. h4 g5 40.
hxg5 hxg5 41. g3 Ke6 42. Kd4 Kf6 43. Nc5 g4 44. Ke3 Ke5 45. Nd3+ Kd6 46. Kf4 Be6 47. Nf2 1-0

[Event "*** Titled Tuesday Blitz"]
[Site "Chess.com"]
[Date "2019.10.01"]
[Round "1"]
[White "Alex_32167"]
[Black "Olga_Ustinova"]
[Result "1/2-1/2"]
[WhiteElo "2661"]
[BlackElo "2326"]
[TimeControl "180+2"]
[EndTime "13:08:16 PDT"]
[Termination "Game drawn by agreement"]

1. e4 d5 2. Nc3 dxe4 3. Nxe4 Qd5 4.
Nc3 Qa5 5. d4 Nf6 6. Nf3 Bg4 7.
h3 Bh5 8. Bd2 e6 9. g4 Bg6 10.
Nb5 Qb6 11. a4 c6 12. a5 Qd8 13. Nc3 Nbd7 14. Bg2 Bd6 15. Qe2 a6 16. Bg5 Qc7 17.
Nh4 O-O 18. O-O Rfe8 19. Nxg6 hxg6 20. f4 c5 21. dxc5 Nxc5 22. Qf3 Rab8 23. Kh1 e5 24. Bxf6 gxf6 25. Nd5 Qd8 26. fxe5 Bxe5 27. Rad1 Kg7 28. b4 Ne6 29. Nb6 Qe7 30. c3 Rh8 31. Rd7 Qe8 32.
Qd5 Rd8 33. Rd1 Rxd7 34. Qxd7 Qxd7 35. Rxd7 Bxc3 36. Nd5 Be5 37. Rxb7 Rc8 38. Be4 Rc1+ 39. Kg2 Rc4 40. Bf3 Rc2+ 41. Kf1 Bg3 42. Be2 Nd4 43. Bxa6 Rf2+ 44. Ke1 Nf3+ 45. Kd1 Rd2+ 46. Kc1 Rxd5 47. Bc4 Bf4+ 48. Kc2 Rd2+ 49. Kc3 Ne5 50. a6 Nxc4 51.
Kxc4 Ra2 52. b5 Be3 53. Kb3 Ra1 1/2-1/2

[Event "*** Titled Tuesday Blitz"]
[Site "Chess.com"]
[Date "2019.10.01"]
[Round "1"]
[White "GianmarcoVaR"]
[Black "Colombiano07"]
[Result "1-0"]
[WhiteElo "2608"]
[BlackElo "2214"]
[TimeControl "180+2"]
[EndTime "13:08:18 PDT"]
[Termination "GianmarcoVaR won by resignation"]

1. d4 d5 2. Nf3 Bf5 3. c4 e6 4.
Nc3 c6 5. g3 Nd7 6. Bg2 Ngf6 7.
Nh4 Bg4 8. h3 Bh5 9. g4 Ng8 10.
Nf3 Bg6 11. Qb3 Qb6 12. c5 Qxb3 13. axb3 a6 14. Nh4 Bc2 15. b4 h6 16. b5 Ngf6 17.
b4 Be7 18. Bd2 O-O 19. bxa6 Rxa6 20. Rxa6 bxa6 21. O-O Bb3 22. Nf3 Bc4 23. Bf4 Ra8 24.
Nd2 Bb5 25. Ra1 Rc8 26. Nb3 Kf8 27. f3 Ke8 28. e4 Bd8 29. e5 Ng8 30. Bf1 Bg5 31.
Bg3 Be3+ 32. Bf2 Bxf2+ 33. Kxf2 Ne7 34. Nxb5 axb5 35. Bd3 Kd8 36. f4 Rb8 37. h4 Kc7 38.
Ra7+ Rb7 39. Ra6 Kb8 40. Na5 Ra7 41. Nxc6+ Nxc6 42. Rxc6 Ra4 43. Rd6 Kc7 44. Rxd7+ 1-0

[Event "*** Titled Tuesday Blitz"]
[Site "Chess.com"]
[Date "2019.10.01"]
[Round "1"]
[White "HanSchut"]
[Black "Bathory44"]
[Result "0-1"]
[WhiteElo "2201"]
[BlackElo "2602"]
[TimeControl "180+2"]
[EndTime "13:08:20 PDT"]
[Termination "Bathory44 won by resignation"]

1. e4 e6 2. d4 d5 3. exd5 exd5 4. Nf3 Nc6 5. Bb5 Bd6 6. O-O Ne7 7.
Ne5 O-O 8. Nxc6 bxc6 9. Bd3 c5 10.
dxc5 Bxc5 11. Nc3 c6 12. Bg5 f6 13. Bd2 Bf5 14. Qf3 Qd7 15. Rfe1 Bxd3 16. Qxd3 Rfe8 17. Be3 Bd6 18. Na4 Qg4 19. Nc5 Ng6 20. h3 Qh5 21. b4 Nh4 22. c4 Qe5 23. f4 Qb2 24. Bf2 Qxb4 25. Rab1 Rxe1+ 26. Bxe1 Qxc5+ 27. Bf2 Qxc4 28. Qxc4 dxc4 29. Bxh4 Bxf4 30. Rb4 g5 31. Be1 Re8 32. Kf1 Re4 33. Bc3 Kf7 34.
Rb7+ Kg6 35. Rxa7 Re3 36. Bd2 c3 0-1